Map: Deathaura LE

Players

Happy

  • Race: Terran Terran
  • League: Diamond
  • Spawn Location: 5:00

Osiris - Winner!

  • Race: Terran Terran
  • League: Diamond
  • Spawn Location: 11:00

VOD

Have the link to the VOD?

Description

Time

  • Played on: Jan. 2, 2021, 11:34 a.m.
  • Length: 7:34
Show
View Real Time Build Order
Export as new Build Order

Happy Terran 

Build Orders:  

Get SALT Encoding   

  12  0:00  SCV  
  13  0:12  SCV  
  14  0:17  Supply Depot  
  14  0:25  SCV  
  14  0:27  Refinery  
  15  0:38  SCV  
  16  0:43  Barracks  
  16  0:51  SCV  
  16  0:56  Refinery  
  17  1:03  SCV  
  18  1:17  SCV  
  19  1:30  Reaper  
  19  1:31  Orbital Command  
  20  1:38  Factory  
  20  1:48  Supply Depot  
  20  1:57  SCV  
  21  2:03  Reaper  
  22  2:13  SCV  
  23  2:23  Hellion  
  23  2:25  SCV  
  26  2:37  SCV  
  27  2:49  SCV  
  27  2:54  Barracks Reactor, Factory Tech Lab  
  27  2:58  Command Center  
  26  3:01  SCV  
  27  3:08  Starport  
  27  3:13  SCV  
  28  3:22  Siege Tank  
  31  3:29  Supply Depot  
  31  3:43  Supply Depot  
  31  3:50  Medivac, Marine x2  
  31  3:51  SCV  
  36  4:03  Cyclone  
  36  4:08  Marine x2  
  41  4:13  Orbital Command  
  41  4:16  Refinery, SCV  
  42  4:21  Starport Tech Lab  
  42  4:28  SCV  
  42  4:31  Marine x2  
  48  4:40  Siege Tank, SCV  
  48  4:41  Raven  
  48  4:42  SCV  
  52  4:50  Marine x2  
  54  4:53  SCV  
  54  4:54  SCV  
  55  5:11  Marine x2  
  52  5:15  Siege Tank  
  52  5:22  Command Center  
  52  5:26  Raven  
  53  5:29  Marine x2  
  53  5:31  SCV x2  
  57  5:43  SCV  
  57  5:44  SCV  
  57  5:47  Marine  
  60  5:50  Barracks  
  60  5:52  Barracks  
  60  5:55  SCV  
  60  5:56  SCV  
  62  5:57  Supply Depot  
  62  5:59  Supply Depot  
  62  6:12  Engineering Bay  
  62  6:15  Engineering Bay  
  62  6:19  SCV x2, Siege Tank, Marine x2  
  62  6:23  Refinery  
  69  6:31  SCV  
  70  6:34  SCV  
  70  6:35  Orbital Command  
  70  6:37  Supply Depot, Marine x3  
  75  6:59  Barracks Reactor x2  
  77  7:17  Barracks  
  77  7:23  Barracks  
Show
View Real Time Build Order
Export as new Build Order

Osiris Terran - Winner!

Build Orders: Reaper Expand, Mech 

Get SALT Encoding   

  12  0:00  SCV  
  13  0:12  SCV  
  14  0:17  Supply Depot  
  14  0:24  SCV  
  15  0:38  SCV  
  15  0:40  Barracks  
  16  0:45  Refinery  
  16  0:50  SCV  
  17  1:02  SCV  
  18  1:14  SCV  
  19  1:28  Orbital Command  
  19  1:31  Reaper  
  20  1:42  Command Center  
  20  1:50  Supply Depot  
  20  1:53  SCV  
  21  2:02  Marine  
  21  2:05  SCV  
  23  2:09  Factory  
  23  2:18  SCV  
  23  2:19  Refinery  
  24  2:24  Barracks Reactor  
  24  2:30  SCV  
  25  2:42  SCV  
  23  3:00  SCV, Starport  
  24  3:09  Orbital Command  
  24  3:12  SCV, Factory Tech Lab  
  25  3:13  Marine x2  
  27  3:24  SCV  
  28  3:33  Siege Tank, Marine x2  
  33  3:36  SCV x2  
  33  3:37  Viking  
  37  3:45  Bunker  
  37  3:48  SCV  
  38  3:49  SCV  
  38  3:54  Supply Depot  
  39  3:57  Marine x2  
  39  4:00  SCV  
  41  4:03  SCV  
  41  4:08  Siege Tank  
  45  4:14  Starport Tech Lab  
  45  4:17  SCV  
  45  4:22  SCV  
  47  4:24  Command Center  
  47  4:29  SCV  
  47  4:30  Refinery  
  48  4:31  Refinery  
  48  4:34  SCV, Supply Depot  
  49  4:39  Raven  
  49  4:41  SCV, Marine x2  
  54  4:56  SCV x2, Supply Depot  
  54  4:58  Siege Tank  
  59  5:08  SCV  
  59  5:28  SCV  
  60  5:29  SCV  
  61  5:36  Supply Depot  
  61  5:38  Viking x2  
  61  5:39  Siege Tank, Orbital Command  
  61  5:40  Barracks Tech Lab  
  68  5:43  SCV  
  68  5:44  SCV  
  70  5:52  Supply Depot  
  70  5:55  SCV  
  71  6:01  SCV  
  72  6:05  SCV  
  72  6:08  Factory  
  72  6:09  Factory  
  72  6:11  Viking  
  72  6:14  Viking  
  76  6:24  SCV x2  
  78  6:26  SCV  
  82  6:32  Siege Tank  
  82  6:36  Orbital Command  
  82  6:41  SCV, Viking  
  82  6:44  Viking  
  86  7:13  SCV x3  
Tags
 
Composition
Mech
Matchup
TvT
Race
Terran
Spawn Locations
Cross Positions
Add a new tag
Caveats
  • Supply blocks, unpowered buildings, or Contaminate may cause inaccurate times.
  • Supply counts are checked every 10 seconds.